 Dungeon Crawl Stone Soup version 0.17.0-9-g801d43b (webtiles) character file.

2566 shklvsk the Cudgeler (level 9, -5/72 HPs)
             Began as a Green Draconian Venom Mage on Nov 9, 2015.
             Was a Believer of Vehumet.
             Slain by a crocodile (8 damage)
             ... on level 8 of the Dungeon.
             The game lasted 00:44:49 (9409 turns).

shklvsk the Cudgeler (Green Draconian Venom Mage)   Turns: 9409, Time: 00:44:49

Health: -5/72      AC:  9    Str: 10    XL:     9   Next: 31%
Magic:  9/15       EV: 15    Int: 19    God:    Vehumet [**....]
Gold:   339        SH:  0    Dex: 16    Spells: 6 memorised, 4 levels left

rFire  . . .     SeeInvis .     L - +9 dagger "Veggooc" {holy, *Corrode +Blink Dex+4}
rCold  . . .     Clarity  .     (armour unavailable)
rNeg   . . .     SustAt   .     (no shield)
rPois  +         Gourm    .     (helmet restricted)
rElec  .         Spirit   .     (no cloak)
rCorr  .         Warding  .     z - +1 pair of gloves
rMut   .         Stasis   .     (no boots)
MR     .....                    (no amulet)
Stlth  ++++......               D - ring of wizardry
                                q - ring of stealth

@: about to teleport, not resistant to hostile enchantments, stealthy
A: breathe noxious fumes, unfitting armour, poison resistance, cold-blooded, AC
+7
a: Breathe Noxious Fumes, Renounce Religion, Evoke Blink


You were on level 8 of the Dungeon.
You worshipped Vehumet.
Vehumet was pleased with you.
You were not hungry.

You visited 2 branches of the dungeon, and saw 9 of its levels.

You collected 339 gold pieces.

Inventory:

Hand Weapons
 c - a +0 whip of venom
 L - the +9 dagger "Veggooc" (weapon) {holy, *Corrode +Blink Dex+4}
   (You found it on level 5 of the Dungeon)

   It has been blessed by the Shining One to cause great damage to the undead
   and demons.
   It affects your dexterity (+4).
   It lets you blink.
   It may corrode your equipment when you take damage.
 Z - a cursed -2 arbalest
Missiles
 h - 211 stones (quivered)
 r - 42 sling bullets
 J - 13 poisoned sling bullets
 N - 2 tomahawks
Armour
 z - a +1 pair of gloves (worn)
Jewellery
 q - a ring of stealth (left hand)
 s - an uncursed ring of flight
 t - an uncursed ring of protection from cold
 D - a ring of wizardry (right hand)
 I - a +3 ring of intelligence
Wands
 C - a wand of slowing (45)
 O - a wand of disintegration (3)
 R - a wand of flame (0)
 U - a wand of fireball (5)
 V - a wand of digging (8)
 Y - a wand of confusion (14)
Scrolls
 e - a scroll of immolation
 p - a scroll of teleportation
 v - a scroll of identify
 w - a scroll of recharging
 x - a scroll of enchant armour
 G - 2 scrolls of random uselessness
Potions
 f - a potion of mutation {unknown}
 g - a potion of flight
 j - 2 potions of cure mutation
 k - a potion of poison {unknown}
 l - a potion of ambrosia {unknown}
 m - a potion of might {unknown}
 o - a potion of haste {unknown}
 A - a potion of magic {unknown}
 E - a potion of agility
 K - a potion of lignification
 Q - a potion of resistance
 T - a potion of cancellation {unknown}
 W - a potion of invisibility {unknown}
Books
 a - a Young Poisoner's Handbook

   Spells                             Type                      Level
   a - Sting                          Conjuration/Poison           1
   b - Cure Poison                    Poison                       2
   c - Mephitic Cloud                 Conjuration/Poison/Air       3
   d - Olgreb's Toxic Radiance        Poison                       4
   e - Venom Bolt                     Conjuration/Poison           5
 S - a book of Battle

   Spells                             Type                      Level
   a - Infusion                       Charms                       1
   b - Shroud of Golubria             Charms/Translocation         2
   c - Song of Slaying                Charms                       2
   d - Spectral Weapon                Hexes/Charms                 3
   e - Regeneration                   Charms/Necromancy            3
Comestibles
 b - 3 bread rations
 i - 3 meat rations
 n - 2 beef jerkies
 u - 3 fruits


   Skills:
 + Level 4.3 Fighting
 + Level 5.6 Maces & Flails
 + Level 4.6 Dodging
 - Level 5.0 Stealth
 * Level 4.4 Spellcasting
 + Level 5.0 Conjurations
 - Level 2.1 Charms
 - Level 1.0 Air Magic
 - Level 5.5 Poison Magic
 * Level 1.0 Evocations


You had 4 spell levels left.
You knew the following spells:

 Your Spells              Type           Power        Failure   Level  Hunger
a - Sting                 Conj/Pois      ###.         1%          1    None
b - Mephitic Cloud        Conj/Pois/Air  ###.....     4%          3    ###....
c - Cure Poison           Pois           ####......   1%          2    #......
d - Freeze                Ice            #...         6%          1    None
e - Shroud of Golubria    Chrm/Tloc      #.........   6%          2    #......
f - Regeneration          Chrm/Necr      #.........   12%         3    ###....


Dungeon Overview and Level Annotations

Branches:
Dungeon (8/15)             Temple (1/1) D:4            Lair (0/8) D:8

Altars:
Ashenzari
Cheibriados
Dithmenos
Elyvilon
Fedhas
Gozag
Kikubaaqudgha
Makhleb
Nemelex Xobeh
Okawaru
Qazlal
Ru
Sif Muna
Trog
Vehumet
Xom
Yredelemnul
Zin
The Shining One

Annotations:
D:4 Pikel
D:8 Erolcha


Innate Abilities, Weirdness & Mutations

You can breathe blasts of noxious fumes.
Your lurid green scales are hard (AC +7).
Your body does not fit into most forms of armour.
Your system is resistant to poisons.
You are cold-blooded and may be slowed by cold attacks.


Message History

You feel strangely unstable.
The wyvern is engulfed in noxious fumes.
The wyvern appears confused.
The komodo dragon is engulfed in noxious fumes.
The komodo dragon appears confused.
The komodo dragon bites Erolcha.
The yak is engulfed in noxious fumes.
The yak appears confused.
Drink which item? (? for menu, Esc to quit)
Okay, then.
Read which item? (? for menu, Esc to quit)
Okay, then.
Evoke which item? (* to show all) (? for menu, Esc to quit)
Zapping:
O - a wand of disintegration {zapped: 3} (will waste charges)
Press: ? - help, Shift-Dir - straight line, f - wyvern
Aim: a wyvern (confused, chance to defeat MR: 68%)
The wyvern is blasted.
Evoking this partially-identified wand wasted a few charges.
The wyvern closely misses the crocodile.
Erolcha is engulfed in noxious fumes.
Erolcha appears confused.
The crocodile bites you!
You die...

........................
...#.##.................
...# #...............Y>
...# ...##.<.....)....
...##...............#
.........##....t....##.##
#...........####.Yl.....#
####.....### #tllO#.... #
..... ##@ยง## .. # ###...
#### ###... .##.# .z..# #
##..##.# ##.....##..
...<....... ......###..


You could see Erolcha (confused), a komodo dragon (confused), a yak (confused),
2 crocodiles, a wyvern (confused) and an iguana (confused).

Vanquished Creatures
  Prince Ribbit (D:8)
  A steam dragon (D:3)
  Eustachio (D:6)
  2 slaves
  2 sky beasts
  A necrophage (D:7)
  An ogre (D:5)
  A crocodile (D:8)
  2 centaurs
  3 giant frogs (D:6)
  A scorpion (D:6)
  9 killer bees
  A centaur zombie (D:6)
  2 orc wizards (D:4)
  3 crimson imps (D:5)
  3 iguanas
  A hound (D:4)
  2 jellies
  A giant frog skeleton (D:6)
  An orc priest (D:4)
  7 worker ants
  A killer bee zombie (D:5)
  2 hound skeletons
  7 gnolls
  10 adders
  An ooze (D:3)
  An adder skeleton (D:4)
  An adder zombie (D:5)
  2 worms
  4 giant geckos
  19 orcs
  6 goblins
  5 hobgoblins
  10 jackals
  3 kobolds
  2 quokkas
  5 ball pythons
  7 bats
  7 giant cockroaches
  8 giant newts
  A quokka skeleton (D:4)
  3 rats
151 creatures vanquished.

Vanquished Creatures (others)
  A killer bee (D:4)
1 creature vanquished.

Grand Total: 152 creatures vanquished

Notes
Turn   | Place    | Note
--------------------------------------------------------------
     0 | D:1      | shklvsk the Draconian Venom Mage began the quest for the Orb.
     0 | D:1      | Reached XP level 1. HP: 14/14 MP: 3/3
   622 | D:2      | Reached XP level 2. HP: 8/20 MP: 1/5
  1154 | D:2      | Reached XP level 3. HP: 22/26 MP: 6/6
  1243 | D:2      | Learned a level 3 spell: Mephitic Cloud
  1246 | D:2      | Learned a level 2 spell: Cure Poison
  1382 | D:2      | Reached skill level 1 in Conjurations
  1914 | D:3      | Reached skill level 1 in Maces & Flails
  2413 | D:3      | Reached XP level 4. HP: 34/34 MP: 1/7
  2492 | D:3      | Noticed a steam dragon
  2515 | D:3      | Killed a steam dragon
  2515 | D:3      | Reached skill level 1 in Fighting
  2515 | D:3      | Reached XP level 5. HP: 34/40 MP: 6/8
  2524 | D:3      | Found a radiant altar of Vehumet.
  2535 | D:3      | Became a worshipper of Vehumet
  2683 | D:4      | Noticed Eustachio
  3001 | D:4      | Reached XP level 6. HP: 42/47 MP: 9/9
  3086 | D:4      | Noticed a slave
  3093 | D:4      | Noticed a slave
  3100 | D:5      | Entered Level 5 of the Dungeon
  3612 | D:5      | Got a faintly glowing dagger
  3614 | D:5      | Identified the +9 dagger "Veggooc" {holy, *Corrode +Blink Dex+4} (You found it on level 5 of the Dungeon)
  3735 | D:5      | Reached skill level 5 in Poison Magic
  3735 | D:5      | Your scales start taking on a lurid green colour.
  3735 | D:5      | Gained mutation: Your system is resistant to poisons. [Green Draconian growth]
  3735 | D:5      | Reached XP level 7. HP: 12/55 MP: 3/10
  4085 | D:5      | Found a burning altar of Makhleb.
  4335 | D:4      | Noticed Pikel
  5327 | D:6      | Reached * piety under Vehumet
  5327 | D:6      | Offered knowledge of Freeze by Vehumet.
  5403 | D:6      | Killed Eustachio
  5403 | D:6      | Reached XP level 8. HP: 25/62 MP: 12/12
  5656 | D:6      | Learned a level 1 spell: Freeze
  6474 | D:4      | Noticed a slave
  6474 | D:4      | Reached skill level 1 in Air Magic
  6486 | D:4      | Noticed a slave
  6505 | D:3      | Killed a slave
  6786 | D:4      | Learned a level 2 spell: Shroud of Golubria
  6790 | D:4      | Learned a level 3 spell: Regeneration
  6928 | D:4      | Found a staircase to the Ecumenical Temple.
  7315 | Temple   | Entered the Ecumenical Temple
  7596 | D:6      | Reached skill level 1 in Charms
  7618 | D:6      | Killed a slave
  8013 | D:7      | Found a stormy altar of Qazlal.
  8274 | D:7      | Reached skill level 5 in Maces & Flails
  8503 | D:7      | Reached XP level 9. HP: 67/71 MP: 11/14
  8691 | D:7      | Reached ** piety under Vehumet
  8714 | D:7      | Offered knowledge of Sandblast by Vehumet.
  9077 | D:8      | Noticed Prince Ribbit
  9096 | D:8      | Killed Prince Ribbit
  9096 | D:8      | Reached skill level 1 in Evocations
  9101 | D:8      | Reached skill level 5 in Stealth
  9181 | D:8      | Noticed Erolcha
  9345 | D:8      | Found a staircase to the Lair.
  9393 | D:8      | Noticed a komodo dragon
  9400 | D:8      | Reached skill level 5 in Conjurations
  9405 | D:8      | HP: 2/72 [komodo dragon (16)]
  9409 | D:8      | Slain by a crocodile

Action                   |  1- 3 |  4- 6 |  7- 9 || total
-------------------------+-------+-------+-------++-------
Melee: Unarmed           |    38 |       |       ||    38
       Whip              |   113 |   106 |   507 ||   726
       Dagger            |       |       |     8 ||     8
Throw: Stone             |       |       |     1 ||     1
 Cast: Sting             |    47 |     6 |    59 ||   112
       Mephitic Cloud    |       |     6 |    27 ||    33
       Cure Poison       |       |     1 |     1 ||     2
       Freeze            |       |       |     1 ||     1
 Abil: Breathe Noxious F |       |       |     1 ||     1
Evoke: Wand              |       |       |     4 ||     4
  Use: Potion            |     6 |       |     6 ||    12
       Scroll            |       |     2 |    12 ||    14
 Stab: Sleeping          |     6 |     7 |     5 ||    18
       Confused          |       |     5 |    14 ||    19
       Distracted        |       |       |     1 ||     1
  Eat: Chunk             |     5 |     5 |    14 ||    24
       Meat ration       |       |       |     2 ||     2
       Fruit             |       |       |     2 ||     2
       Bread ration      |       |       |     1 ||     1
       Beef jerky        |       |       |     1 ||     1
